cohdb
Replays
Latest Replays
All Replays
Popular Replays
Top Player Replays
Match Explorer
How It Works
Community
CoH3 Stats
Reddit
Sign in to upload your games and track your stats! →
Sign in with Steam
Match 44767800
Unlisted
Match 44767800
Overview
Messages
Build Orders
End
Construct Section Command Post
Selects Canadian Shock Battlegroup
Vickers Machine Gun Team
Infantry Section
Infantry Section
ML 3-inch Mortar Team
Infantry Section
Grenade Package
Construct Platoon Command Post
Selects Offensive Resupply
Selects Canadian Shock Section
Selects Incendiary Munitions
Canadian Shock Section
Humber Armored Car
Selects Pyrotechnics
Royal Engineer Section
Construct Company Command Post
Selects Smoke Operation
Crusader II Medium Tank
Selects Churchill Crocodile Heavy Tank
Foot Guards Section
Canadian Shock Section
Selects Point Assault
Churchill Crocodile Heavy Tank
Unlock Towed 17-pounder Anti-tank Guns
Canadian Shock Section
Selects Smoke Operation
Smoke Operation
Infantry Training
Armored Vehicle Training
Carmo
Genki
喵帕斯
#error
0
0
Comments
sign in to comment!
No comments posted yet!